 Dungeon Sprint DCSS version 0.21-a0-352-g5b8f553 (webtiles) character file.

18830 Kidiri the Bludgeoner (level 12, -4/125 HPs)
             Began as a Pale Draconian Berserker on Oct 11, 2017.
             Was the Champion of Trog.
             Killed from afar by a naga (9 damage)
             ... with a splash of poison
             ... in the Dungeon (Sprint III: "The Ten Rune Challenge").
             The game lasted 00:16:35 (2710 turns).

Kidiri the Bludgeoner (Pale Draconian Berserker)    Turns: 2710, Time: 00:16:35

Health: -4/125     AC:  9    Str: 23    XL:     12   Next: 31%
Magic:  13/13      EV: 20    Int:  6    God:    Trog [******]
Gold:   29         SH:  0    Dex: 12    Spells: 11/11 levels left

rFire    . . .     SeeInvis .   a - +10 dark maul {crush}
rCold    . . .     Gourm    .   (shield currently unavailable)
rNeg     . . .     Faith    .   (armour unavailable)
rPois    .         Spirit   .   (helmet restricted)
rElec    .         Reflect  .   (no cloak)
rCorr    .         Harm     .   (no gloves)
MR       .....     NoTele   +   j - +0 pair of boots
Stlth    +.........             (no amulet)
HPRegen  0.30/turn              (no ring)
MPRegen  0.13/turn              (no ring)

@: lethally poisoned (-4 -> -38)
A: breathe steam, unfitting armour, talons 1, dopey 1, high mp 1, cold-blooded,
AC +8
a: Breathe Steam, Berserk, Trog's Hand, Brothers in Arms, Burn Spellbooks,
Renounce Religion


You were in the Dungeon.
You worshipped Trog.
Trog was exalted by your worship.
You were not hungry.

You visited 1 branch You collected 29 gold pieces.

Inventory:

Hand Weapons
 a - the +10 dark maul (weapon) {crush}
   (Trog gifted it to you in the Dungeon)

   It inflicts extra damage upon your enemies.
Missiles
 l - 3 silver javelins
 m - 7 steel javelins
 t - 8 throwing nets (quivered)
 u - 6 poisoned javelins
 v - 8 exploding tomahawks
 y - 2 tomahawks of returning
Armour
 j - a +0 pair of boots (worn)
Scrolls
 k - a scroll of torment
 p - a scroll of holy word {unknown}
 q - a scroll of remove curse {unknown}
Potions
 e - a potion of haste
 f - 2 potions of magic
 g - 2 potions of berserk rage
 i - a potion of might
 n - a potion of agility
 o - 2 potions of flight
 s - a potion of invisibility
Comestibles
 b - 14 chunks of flesh
 r - 25 royal jellies


   Skills:
 + Level 17.0 Fighting
 * Level 17.7 Maces & Flails
 + Level 12.2 Throwing
 + Level 14.6 Dodging


You had 11 spell levels left.
You didn't know any spells.

Dungeon Overview and Level Annotations

Branches:
Dungeon (1/1)

Altars:
Cheibriados
Dithmenos
Elyvilon
Fedhas
Gozag
Hepliaklqana
Kikubaaqudgha
Makhleb
Nemelex Xobeh
Okawaru
Qazlal
Ru
Sif Muna
Trog
Uskayaw
Vehumet
Wu Jian
Xom
Yredelemnul
Zin
The Shining One
Beogh
Jiyva
Lugonu

Shops:
D [=

Annotations:
D exclusion: 6 doors


Innate Abilities, Weirdness & Mutations

You can breathe blasts of scalding, opaque steam.
Your pale cyan-grey scales are hard. (AC +8)
You cannot fit into any form of body armour.
You are cold-blooded and may be slowed by cold attacks.
You have sharp toenails.
You are dopey. (Int -2)
You have an increased reservoir of magic. (+10% MP)


Message History

Your cyclops hits the nagaraja!!
The nagaraja hits your cyclops with a spear!
Unknown command.
Unknown command.
You closely miss the naga. You tail-slap the naga.
The naga is lightly wounded.
* * * LOW HITPOINT WARNING * * *
You feel very sick.
The nagaraja gestures at your cyclops while chanting.
The poison arrow hits your cyclops.
Your cyclops looks as sick as possible!
Your cyclops hits the nagaraja.
The nagaraja dies!
Trog accepts your kill.
Trog appreciates your killing of a magic user.
Your Fighting skill increases to level 17!
The naga spits poison at you. The splash of poison hits you!
You are more poisoned.
You die...

#(...(%......#
###########).#
##.........÷.#
#..........%##
#.%##########
#..%).......##
##...........#
##########..#
#.....N@....#
∩....)C....##
∩.##########


You could see a naga and a friendly cyclops (berserk).

Vanquished Creatures
  A naga warrior (D)
  3 anacondas (D)
  4 death yaks (D)
  Urug (D)
  A lindwurm (D)
  4 black mambas (D)
  2 spiny frogs (D)
  A rime drake (D)
  A komodo dragon (D)
  3 wandering mushrooms (D)
  2 tyrant leeches (D)
  8 blink frogs (D)
  A shadow (D)
  3 redbacks (D)
  A spatial vortex (D)
  A naga (D)
  2 water moccasins (D)
  A swamp drake (D)
  A necrophage (D)
  4 two-headed ogres (D)
  A water elemental (D)
  3 killer bees (D)
  A jelly (D)
  A wizard (D)
  A necromancer (D)
  3 humans (D)
  A kobold demonologist (D)
  2 adders (D)
  A phantom (D)
  4 rats (D)
  7 plants (D)
70 creatures vanquished.

Vanquished Creatures (collateral kills)
  Rupert (D)
  A nagaraja (D)
  Erolcha (D)
  An anaconda (D)
  A deep elf mage (D)
  2 black mambas (D)
  A two-headed ogre (D)
  A queen bee (D)
  2 redbacks (D)
  29 killer bees (D)
40 creatures vanquished.

Vanquished Creatures (others)
  2 draconian scorchers (D)
  6 hellions (D)
  2 yaktaurs (D)
  2 plants (D)
12 creatures vanquished.

Grand Total: 122 creatures vanquished

Notes
Turn   | Place    | Note
-------+----------+-------------------------------------------
     0 | D        | Kidiri the Draconian Berserker began the quest for the Orb.
     0 | D        | Reached XP level 1. HP: 19/19 MP: 1/1
    15 | D        | Reached ** piety under Trog
    54 | D        | Reached skill level 1 in Throwing
    54 | D        | Reached XP level 2. HP: 21/28 MP: 2/2
   104 | D        | Killed a hellion
   104 | D        | Killed a hellion
   105 | D        | Killed a hellion
   178 | D        | Killed a hellion
   179 | D        | Killed a hellion
   223 | D        | Gained mutation: Your body sometimes deteriorates upon taking damage. [potion of mutation]
   223 | D        | Lost mutation: Your body sometimes deteriorates upon taking damage. [potion of mutation]
   223 | D        | Gained mutation: You have an increased reservoir of magic. (+10% MP) [potion of mutation]
   223 | D        | Gained mutation: You are covered in fur. (AC +1) [potion of mutation]
   227 | D        | Lost mutation: You are covered in fur. (AC +1) [potion of mutation]
   227 | D        | Gained mutation: You have a considerably increased reservoir of magic. (+20% MP) [potion of mutation]
   227 | D        | Gained mutation: You are resistant to hostile enchantments. (MR+) [potion of mutation]
   228 | D        | Lost mutation: You are resistant to hostile enchantments. (MR+) [potion of mutation]
   228 | D        | Lost mutation: You have a considerably increased reservoir of magic. (+20% MP) [potion of mutation]
   228 | D        | Gained mutation: You have sharp toenails. [potion of mutation]
   228 | D        | Gained mutation: You are weak. (Str -2) [potion of mutation]
   228 | D        | Gained mutation: You are dopey. (Int -2) [potion of mutation]
   228 | D        | Lost mutation: You are weak. (Str -2) [potion of mutation]
   229 | D        | Killed a white draconian scorcher
   238 | D        | Killed a white draconian scorcher
   252 | D        | Noticed a water elemental
   255 | D        | Killed a water elemental
   255 | D        | Reached *** piety under Trog
   255 | D        | Reached skill level 5 in Fighting
   255 | D        | Reached skill level 5 in Maces & Flails
   255 | D        | Reached XP level 3. HP: 37/37 MP: 3/3
   255 | D        | Reached XP level 4. HP: 44/44 MP: 4/4
   262 | D        | Killed a hellion
   311 | D        | Found a radiant altar of Vehumet.
   311 | D        | Found a deep blue altar of Sif Muna.
   311 | D        | Found an ancient bone altar of Kikubaaqudgha.
   311 | D        | Noticed a wizard
   313 | D        | Noticed a neqoxec
   313 | D        | Received a gift from Trog
   313 | D        | Reached **** piety under Trog
   313 | D        | Reached skill level 5 in Dodging
   313 | D        | Killed a wizard
   335 | D        | Found a glowing silver altar of Zin.
   336 | D        | Found a glowing golden altar of the Shining One.
   336 | D        | Found a white marble altar of Elyvilon.
   336 | D        | Noticed a deep elf mage
   342 | D        | Killed a deep elf mage
   342 | D        | Reached XP level 5. HP: 57/57 MP: 5/5
   342 | D        | Reached XP level 6. HP: 63/63 MP: 6/6
   411 | D        | Found an ornate altar of the Wu Jian Council.
   411 | D        | Found a roughly hewn altar of Beogh.
   411 | D        | Found an iron altar of Okawaru.
   411 | D        | Found a bloodstained altar of Trog.
   411 | D        | Found a hide-covered altar of Uskayaw.
   411 | D        | Noticed a human
   411 | D        | Noticed a human
   416 | D        | Killed a human
   416 | D        | Reached skill level 5 in Throwing
   416 | D        | Your scales start taking on a pale cyan-grey colour.
   416 | D        | Reached XP level 7. HP: 70/70 MP: 7/7
   427 | D        | Killed a human
   427 | D        | Reached ***** piety under Trog
   474 | D        | Found a basalt altar of Yredelemnul.
   474 | D        | Found a shadowy altar of Dithmenos.
   474 | D        | Found a sacrificial altar of Ru.
   476 | D        | Reached skill level 10 in Fighting
   494 | D        | Noticed a shadow
   499 | D        | Killed a shadow
   499 | D        | Received a gift from Trog
   528 | D        | Killed a yaktaur
   604 | D        | Found a blossoming altar of Fedhas.
   604 | D        | Found a stormy altar of Qazlal.
   604 | D        | Found a snail-covered altar of Cheibriados.
   604 | D        | Found a burning altar of Makhleb.
   604 | D        | Found a shimmering altar of Xom.
   604 | D        | Noticed a spatial vortex
   605 | D        | Found a hazy altar of Hepliaklqana.
   605 | D        | Found an opulent altar of Gozag.
   605 | D        | Found a sparkling altar of Nemelex Xobeh.
   605 | D        | Found a corrupted altar of Lugonu.
   605 | D        | Found a viscous altar of Jiyva.
   620 | D        | Killed a spatial vortex
   620 | D        | Reached skill level 10 in Maces & Flails
   620 | D        | Reached XP level 8. HP: 61/81 MP: 8/8
   739 | D        | Killed a yaktaur
   791 | D        | Received a gift from Trog
   990 | D        | Noticed a two-headed ogre
  1002 | D        | Killed a two-headed ogre
  1207 | D        | Noticed a two-headed ogre
  1207 | D        | Noticed Erolcha
  1214 | D        | Killed a two-headed ogre
  1214 | D        | Reached skill level 10 in Dodging
  1222 | D        | Killed Erolcha
  1222 | D        | Reached XP level 9. HP: 91/91 MP: 9/9
  1224 | D        | Reached ****** piety under Trog
  1347 | D        | Noticed a queen bee
  1348 | D        | Received a gift from Trog
  1350 | D        | Received a gift from Trog
  1352 | D        | Received a gift from Trog
  1365 | D        | Killed a queen bee
  1369 | D        | Received a gift from Trog
  1370 | D        | Found the +10 dark maul {crush}
  1374 | D        | Received a gift from Trog
  1386 | D        | Received a gift from Trog
  1481 | D        | Noticed a wandering mushroom
  1485 | D        | Noticed a wandering mushroom
  1491 | D        | Killed a wandering mushroom
  1495 | D        | Noticed a wandering mushroom
  1496 | D        | Received a gift from Trog
  1496 | D        | Reached XP level 10. HP: 89/102 MP: 11/11
  1562 | D        | Noticed a spiny frog
  1562 | D        | Noticed a spiny frog
  1565 | D        | Killed a spiny frog
  1566 | D        | Killed a spiny frog
  1592 | D        | Noticed a lindwurm
  1594 | D        | Killed a lindwurm
  1594 | D        | Received a gift from Trog
  1650 | D        | Noticed Urug
  1657 | D        | Killed Urug
  1797 | D        | Reached skill level 15 in Fighting
  1800 | D        | Received a gift from Trog
  1801 | D        | Reached XP level 11. HP: 82/112 MP: 12/12
  1817 | D        | Reached skill level 10 in Throwing
  1961 | D        | Noticed Rupert
  1969 | D        | Noticed an azure jelly
  1969 | D        | Noticed an azure jelly
  1969 | D        | Noticed an azure jelly
  1969 | D        | Noticed an azure jelly
  1973 | D        | Killed Rupert
  1973 | D        | Reached skill level 15 in Maces & Flails
  2291 | D        | Noticed a death yak
  2292 | D        | Noticed a death yak
  2297 | D        | Killed a death yak
  2298 | D        | Noticed a death yak
  2299 | D        | Noticed a death yak
  2300 | D        | Killed a death yak
  2300 | D        | Received a gift from Trog
  2301 | D        | Killed a death yak
  2303 | D        | Killed a death yak
  2458 | D        | Received a gift from Trog
  2465 | D        | Received a gift from Trog
  2497 | D        | Noticed an anaconda
  2497 | D        | Noticed an anaconda
  2500 | D        | Killed an anaconda
  2500 | D        | Received a gift from Trog
  2501 | D        | Killed an anaconda
  2501 | D        | Reached XP level 12. HP: 100/124 MP: 13/13
  2508 | D        | Noticed an anaconda
  2512 | D        | Killed an anaconda
  2654 | D        | Noticed an anaconda
  2657 | D        | Killed an anaconda
  2657 | D        | Received a gift from Trog
  2700 | D        | Noticed a naga warrior
  2700 | D        | Noticed a nagaraja
  2706 | D        | Found Eciets's Antique Armour Boutique.
  2706 | D        | Found Daewufum's Jewellery Emporium.
  2707 | D        | Killed a naga warrior
  2710 | D        | HP: 5/124 [poisoned by a naga (splash of poison)]
  2710 | D        | Killed a nagaraja
  2710 | D        | Killed from afar by a naga

Vault maps used:
D:        dungeon_sprint_mu

Skill      XL: |  1  2  3  4  5  6  7  8  9 10 11 12 |
---------------+-------------------------------------+-----
Dodging        | 3 4 7 8 9 10 11 13 14 | 14.6
Fighting       | 4 5 9 10 12 13 15 16 17 | 17.0
Maces & Flails | 4 5 8 10 11 12 14 17 | 17.7
Throwing       | 1 2 4 5 6 7 8 9 11 12 | 12.2

Action                   |  1- 3 |  4- 6 |  7- 9 | 10-12 || total
-------------------------+-------+-------+-------+-------++-------
Melee: Mace              |    19 |     6 |    49 |       ||    74
       Tailslap          |     2 |     2 |     9 |    11 ||    24
       Kick              |       |       |     1 |       ||     1
       Dire flail        |       |       |    13 |       ||    13
       Maul              |       |       |     1 |    65 ||    66
Throw: Javelin           |       |       |     4 |       ||     4
       Throwing net      |       |       |       |     1 ||     1
Invok: Berserk           |     2 |     2 |     3 |     2 ||     9
       Brothers in Arms  |       |     1 |     3 |     3 ||     7
       Burn Spellbooks   |       |     1 |       |       ||     1
 Abil: Breathe Steam     |       |       |     8 |     9 ||    17
  Use: Potion            |     3 |       |     1 |     1 ||     5
       Scroll            |     3 |       |       |     1 ||     4
 Stab: Sleeping          |       |       |       |     2 ||     2
  Eat: Fruit             |       |     4 |       |       ||     4
       Chunk             |       |       |     7 |     2 ||     9
       Royal jelly       |       |       |       |     1 ||     1
       Bread ration      |       |       |       |     1 ||     1
Armor: Skin              |     3 |     2 |     4 |     4 ||    13
Dodge: Dodged            |     8 |     1 |    67 |    66 ||   142

Table legend:
 A = Spawn XP
 B = Non-spawn XP
 C = Spawn XP percentage of total XP
 D = Spawn monster count
 E = Non-spawn monster count
 F = Spawn count percentage of total count
 G = Total turns spent on level
                    A         B        C        D         E        F      G
               +---------+---------+-------+---------+---------+-------+---------
         Total |       0 |   26900 |   0.0 |       0 |     103 |   0.0 |  2710
               +---------+---------+-------+---------+---------+-------+---------
             D |       0 |   26900 |   0.0 |       0 |     103 |   0.0 |  2710
               +---------+---------+-------+---------+---------+-------+---------
